 Dungeon Crawl Stone Soup version 0.27.1-2-g3b301248ec (webtiles) character file.

Game seed: 16490445936376010946

7 SibleyIrresistible the Gusty (level 2, 0/16 HPs)
             Began as a Tengu Air Elementalist on Sept 26, 2021.
             Slain by a quokka (3 damage)
             ... on level 1 of the Dungeon.
             The game lasted 00:01:13 (385 turns).

SibleyIrresistible the Gusty (TeAE)                  Turns: 385, Time: 00:01:13

Health: 0/16       AC:  2    Str:  8    XL:     2   Next: 0%
Magic:  1/6        EV: 12    Int: 15    God:
Gold:   31         SH:  0    Dex: 14    Spells: 4/5 levels left

rFire    . . .     SeeInvis .   (no weapon)
rCold    . . .     Faith    .   (no shield)
rNeg     . . .     Spirit   .   a - +0 robe
rPois    .         Reflect  .   (helmet restricted)
rElec    .         Harm     .   (no cloak)
rCorr    .         Rampage  .   (no gloves)
Will     .....                  (boots unavailable)
Stlth    ++........             (no amulet)
HPRegen  0.05/turn              (no ring)
MPRegen  0.10/turn              (no ring)

@: very slightly contaminated
A: beak, talons 3
a: no special abilities


You were on level 1 of the Dungeon.
You visited 1 branch of the dungeon, and saw 1 of its levels.

You collected 31 gold pieces.

Inventory:

Armour
 a - a +0 robe (worn)
Scrolls
 b - a scroll of teleportation {unknown}


   Skills:
 + Level 0.6 Fighting
 - Level 2.1 Dodging
 - Level 2.0 Stealth
 - Level 2.0 Spellcasting
 - Level 1.3 Conjurations
 * Level 4.4 Air Magic


You had 4 spell levels left.
You knew the following spells:

 Your Spells              Type           Power      Damage    Failure   Level
a - Shock                 Conj/Air       40%        1d5       7%          1

Your spell library contained the following spells:

 Spells                   Type           Power      Damage    Failure   Level
 Static Discharge         Conj/Air       10%        N/A       11%         2
 Swiftness                Air            14%        N/A       11%         3
 Airstrike                Air            7%         N/A       34%         4


Dungeon Overview and Level Annotations

Branches:
Dungeon (1/15)

Altars:


Innate Abilities, Weirdness & Mutations

You have a beak for a mouth.
You have claws for feet.


Message History

Confirm with . or Enter, or press ? or * to list all spells.
Aiming: Shock (safe; 7% risk of failure)
Press: ? - help, Shift-Dir - straight line, f/p - quokka
Aim: a quokka (heavily wounded, 56% to hit)
You miscast Shock.
Nothing appears to happen.
The quokka bites you.
Casting: Shock (safe; 7% risk of failure)
Confirm with . or Enter, or press ? or * to list all spells.
Aiming: Shock (safe; 7% risk of failure)
Press: ? - help, Shift-Dir - straight line, f/p - quokka
Aim: a quokka (heavily wounded, 56% to hit)
You miscast Shock.
Nothing appears to happen.
The quokka bites you.
Casting: Shock (safe; 7% risk of failure)
Confirm with . or Enter, or press ? or * to list all spells.
You don't have enough magic to cast this spell.
Unknown command.
You barely miss the quokka. You peck the quokka.
The quokka is almost dead.
The quokka closely misses you.
You miss the quokka. Your kick misses the quokka.
The quokka is almost dead.
The quokka bites you. The quokka closely misses you.
You barely miss the quokka. Your kick misses the quokka.
You peck the quokka, but do no damage.
The quokka is almost dead.
The quokka bites you.
You barely miss the quokka. Your kick misses the quokka.
The quokka is almost dead.
The quokka barely misses you.
You hit the quokka but do no damage. Your peck misses the quokka.
The quokka is almost dead.
The quokka bites you but does no damage.
You closely miss the quokka.
The quokka is almost dead.
The quokka closely misses you.
You closely miss the quokka. Your kick misses the quokka.
The quokka is almost dead.
The quokka bites you.
* * * LOW HITPOINT WARNING * * *
The quokka bites you.
You die...

#.# ..♣♣
#####.#...†### #..
.♣♣ #...#.#......#
### ♣♣
#...♣.#...##.#
+.8.'.#...##.#
#...♣.##.###.#
#...#....# #.####
#####.#### #....#
♣÷♣....#######.#
♣♣♣@##.#.....#.#
......r.##.#.##..#.#
.#.##.####.#.....#.#
... #.#.......# .##
#.#.#.....# ..
#.#.#...#.# #
#.#.#..##.#
#.#.#.....#
#....####


You could see a quokka.

Vanquished Creatures
  A dart slug (D:1)
  A giant cockroach (D:1)
  2 goblins (D:1)
  A rat (D:1)
5 creatures vanquished.

Notes
Turn   | Place    | Note
-------+----------+-------------------------------------------
     0 | D:1      | SibleyIrresistible the Tengu Air Elementalist began the
                  | quest for the Orb.
     0 | D:1      | Reached XP level 1. HP: 10/10 MP: 4/4
   247 | D:1      | Reached XP level 2. HP: 16/16 MP: 0/6
   385 | D:1      | Slain by a quokka

Illustrated notes

Levels and vault maps discovered:
D:1:      amcnicky_arrival_gap_in_the_tavern_cellar, layout_basic,
          dilly_ecumenical_altar_fadedgnrine, minmay_lizard_pond

Action                   || total
-------------------------++-------
Melee: Unarmed           ||     7
       Peck              ||     2
 Cast: Shock             ||    11
Armor: Robe              ||     1
Dodge: Dodged            ||     5
